Unix NetHack Version 5.0.0-0 post-release - last build Jul 14 2026 02:55:29 (1809b74e8187c3a3585e283601c3028b46cbbdcb,branch:main).

Game began 2026-07-15 05:42:05, ended 2026-07-15 17:29:46.

Brudee, chaotic female human Rogue

                                    ---                      ---
                                  ---.--                     |.
                                 --....|                     |.
                                --....--                     |.-
                                |`..*@--------- --------     |.|
                                --..|%G...)............-    --.|
                                 ...|---------      .....----.<|
                                ...--                    0.>..--
                               |..--                      -----
                               |.-
                               -.
                               .
                               .

Brudee the Rogue        St:7 Dx:18 Co:15 In:8 Wi:15 Ch:8  Chaotic S:6320
Dlvl:9  $:0  HP:0(52) Pw:47(47) AC:7  Xp:8/1432 T:4893 

Latest messages:
 You hit the dwarf lord!
 The dwarf lord thrusts his broad short sword.
 The dwarf lord hits!
 The dwarf lord thrusts his broad short sword.
 The dwarf lord hits again!
 You hear an E note squeak in the distance.
 You feel less confused now.
 Are you sure you want to pray? [yn] (n) y
 You begin praying to Kos.
 You are surrounded by a shimmering light.
 The dwarf lord starts to attack you, but pulls back.
 The dwarf lord starts to attack you, but pulls back.
 You finish your prayer.
 You feel that Kos is well-pleased.
 You feel much better.
 You hit the dwarf lord!
 The dwarf lord thrusts his broad short sword.
 The dwarf lord hits!
 The dwarf lord thrusts his broad short sword.
 The dwarf lord hits again!
 You hit the dwarf lord!
 The dwarf lord thrusts his broad short sword.
 The dwarf lord hits!
 The dwarf lord thrusts his broad short sword.
 The dwarf lord hits again!
 What do you want to zap? [U or ?*] ?
 Nothing happens.
 What do you want to write with? [- hpKU or ?*] -
 You write in the dust with your fingertip.
 What do you want to write in the dust here? Elbereth
 The dwarf lord turns to flee.
 The dwarf lord picks up a gem.
 The gnome lord zaps a curved wand!
 The magic missile whizzes by you!
 What do you want to ready? [p or ?*] p
 p - 2 +0 daggers (at the ready).
 In what direction? l
 You throw 2 daggers.
 The gnome lord zaps a wand of magic missile!
 The magic missile hits you!
 You hear the howling of the CwnAnnwn...
 The dwarf lord is killed by the magic missile!
 You kill the gnome!
 The gnome lord wields 2 daggers!
 You hit the gnome lord!
 The gnome lord thrusts one of his daggers.
 The gnome lord hits!
 You die...
 Do you want your possessions identified? [ynq] (y) y
 Do you want to see your attributes? [ynq] (y) q

Inventory:
 Weapons  (')')
  h - a blessed +4 orcish dagger (weapon in right hand)
 Armor    ('[')
  N - an uncursed +0 pair of kicking boots (being worn)
  c - an uncursed very burnt +2 leather armor (being worn)
 Comestibles  ('%')
  E - an uncursed food ration
 Wands    ('/')
  U - a wand of teleportation (0:0)
 Tools    ('(')
  i - a blessed bag of holding containing 5 items
  f - an empty uncursed sack
  e - an uncursed lock pick
  Q - an uncursed oil lamp
  d - a +0 pick-axe
  K - an uncursed towel

Contents of the bag of holding:
  22 gold pieces
  an uncursed scroll of remove curse
  3 potions of holy water
  an uncursed +1 ring of increase accuracy
  an uncursed blindfold

Brudee the Rogue's attributes:

Background:
 You were a Rogue, level 8 female human.
 You were chaotic, on a mission for Kos
 who was opposed by Issek (lawful) and Mog (neutral).
 You were right-handed.
 You were in the Gnomish Mines, on level 9.
 You entered the dungeon 4893 turns ago.
 There was a new moon in effect when your adventure ended.
 You had 1432 experience points, 1128 more were needed to attain level 9.
 Your score was 6320 before end-of-game adjustments.

Basics:
 You had 0 out of 52 hit points.
 You had all 47 energy points (spell power).
 Your armor class was 7.
 Your wallet was empty, but
 you had 22 zorkmids stashed away in your pack.
 Autopickup was on for '$!=+?/"' plus thrown.

Final Characteristics:
 Your strength was 7 (peak:13, limit:18/100).
 Your dexterity was 18 (limit:18).
 Your constitution was 15 (limit:18).
 Your intelligence was 8 (limit:18).
 Your wisdom was 15 (limit:18).
 Your charisma was 8 (limit:18).

Final Status:
 You weren't hungry.
 You were unencumbered.
 You were wielding a dagger.
 You were skilled in dagger.

Final Attributes:
 You were piously aligned.
 You were poison resistant.
 You were telepathic.
 You were stealthy.
 You were warded.
 You were lucky.
 You are dead.

Miscellaneous:
 You didn't encounter any bones levels.
 Total elapsed playing time was 1 hour and 11 seconds.

Major events:
 Turn
    1: Brudee the chaotic female human Rogue entered the dungeon
  579: attained the rank of Cutpurse (level 3)
  728: entered the Gnomish Mines
 2234: attained the rank of Rogue (level 6)
 2801: reached Mine Town
 4893: killed by a gnome lord

You didn't know any spells.

Skills:
 Fighting Skills
   bare handed combat [Unskilled]
   two weapon combat  [Unskilled]
   riding             [Unskilled]
 Weapon Skills
   dagger             [Skilled]
   knife              [Unskilled]
   short sword        [Basic]
   broadsword         [Unskilled]
   long sword         [Unskilled]
   two-handed sword   [Unskilled]
   saber              [Unskilled]
   club               [Unskilled]
   mace               [Unskilled]
   morning star       [Unskilled]
   flail              [Unskilled]
   hammer             [Unskilled]
   polearms           [Unskilled]
   spear              [Unskilled]
   crossbow           [Unskilled]
   dart               [Unskilled]
   shuriken           [Unskilled]
 Spellcasting Skills
   divination spells  [Unskilled]
   escape spells      [Unskilled]
   matter spells      [Unskilled]

Voluntary challenges:
 Character rerolling was not enabled.
 You never genocided any monsters.
 You never polymorphed an object.
 You never changed form.
 You used no wishes.
Achievements:
 You entered a shop.
 You attained the rank of Cutpurse.
 You entered the Gnomish Mines.
 You attained the rank of Rogue.
 You entered Minetown.
 You entered a temple.

 The Dungeons of Doom: levels 1 to 4
    Level 1:
       A fountain.
    Level 2:
       A weapon shop, an altar to Kos.
    Level 3:
       Stairs down to The Gnomish Mines.
    Level 4:
 The Gnomish Mines: levels 4 to 10
    Level 4:
    Level 5:
    Level 6:
       Many shops, a temple and an altar to Kos, some fountains.
    Level 7:
    Level 8:
    Level 9: <- You were here.
       Final resting place for
          you, killed by a gnome lord.
    Level 10:


Vanquished creatures:
  2 small mimics
  a giant beetle
  a quivering blob
  a wolf
  a leprechaun
 an orc-captain
  a giant spider
  a vampire bat
  2 dwarf leaders
  a blue jelly
  a snake
  2 apes
  2 bugbears
  2 wood nymphs
  a water nymph
  a rock mole
  a pony
  a fog cloud
  a yellow light
  a shrieker
  5 gnome leaders
  5 gnomish wizards
  4 elf zombies
  a giant ant
  2 floating eyes
  a kitten
 11 dwarves
  2 kobold shamans
  2 rothes
  a centipede
  4 orc zombies
  2 dwarf zombies
 an iguana
 an acid blob
  2 coyotes
  a gas spore
  2 hobbits
 11 manes
  a large kobold
  a hobgoblin
  2 giant rats
  3 cave spiders
  2 yellow molds
  2 green molds
 41 gnomes
  a gnome zombie
  2 geckos
 10 jackals
  a fox
  2 goblins
  3 grid bugs
  3 lichens
  5 newts
162 creatures vanquished.

No species were genocided or became extinct.

Game over:
                       ----------
                      /          \
                     /    REST    \
                    /      IN      \
                   /     PEACE      \
                  /                  \
                  |      Brudee      |
                  |      22 Au       |
                  |   killed by a    |
                  |    gnome lord    |
                  |                  |
                  |                  |
                  |       2026       |
                 *|     *  *  *      | *
        _________)/\\_//(\/(/\)/\//\/|_)_______

Goodbye Brudee the Rogue...

You died in The Gnomish Mines on dungeon level 9 with 6318 points,
and 22 pieces of gold, after 4893 moves.
You were level 8 with a maximum of 52 hit points when you died.

